 Dungeon Crawl Stone Soup version 0.17-a0-1575-g9a29ec8 (webtiles) character file.

6060 HEYYEYAAE the Fighter (level 10, -1/102 HPs)
             Began as a Purple Draconian Berserker on July 26, 2015.
             Was a High Priest of Trog.
             Slain by a troll (11 damage)
             ... on level 9 of the Dungeon.
             The game lasted 00:10:28 (8423 turns).

HEYYEYAAE the Fighter (Purple Draconian Berserker)  Turns: 8423, Time: 00:10:28

Health: -1/102     AC: 10    Str: 22    XL:     10   Next: 57%
Magic:  14/14      EV: 15    Int:  9    God:    Trog [*****.]
Gold:   88         SH:  0    Dex: 10    Spells: 0 memorised, 9 levels left

rFire  . . .     SeeInvis +     g - +2 quarterstaff (chaos)
rCold  . . .     Clarity  .     (armour unavailable)
rNeg   . . .     SustAt   .     (no shield)
rPois  .         Gourm    +     J - +1 hat
rElec  .         Spirit   .     h - +0 cloak {+Inv}
rCorr  .         Warding  .     (no gloves)
rMut   .         Stasis   .     r - +0 pair of boots
MR     ++++.                    I - amulet of the gourmand
Stlth  +.........               B - ring of protection from magic
                                s - ring of see invisible

@: exhausted, regenerating, hasted and slowed, incredibly resistant to hostile
enchantments, very unstealthy
A: breathe power, unfitting armour, robust 1, cold-blooded, subdued magic 1, AC
+7
a: Breathe Dispelling Energy, Burn Spellbooks, Berserk, Trog's Hand, Brothers in
Arms, Renounce Religion, Evoke Invisibility


You were on level 9 of the Dungeon.
You worshipped Trog.
Trog was extremely pleased with you.
You were full.

You visited 1 branch of the dungeon, and saw 9 of its levels.

You collected 388 gold pieces.
You spent 300 gold pieces at shops.

Inventory:

Hand weapons
 a - a +0 falchion
 g - a +2 quarterstaff of chaos (weapon)
Armour
 h - a +0 cloak of invisibility (worn)
 r - a +0 pair of boots (worn)
 J - a +1 hat (worn)
Jewellery
 q - an uncursed ring of teleportation
 s - a ring of see invisible (left hand)
 t - an uncursed amulet of clarity
 B - a ring of protection from magic (right hand)
 F - an uncursed amulet of resist mutation
 I - an amulet of the gourmand (around neck)
Magical devices
 k - a wand of fireball (9)
 m - a wand of magic darts (17)
 x - a wand of random effects (21)
 y - a wand of paralysis (1)
Scrolls
 j - 3 scrolls of enchant weapon
 l - a scroll of fog
 u - a scroll of acquirement {unknown}
 v - 2 scrolls of remove curse
 z - 3 scrolls of teleportation {unknown}
 A - 2 scrolls of random uselessness {unknown}
 C - a scroll of immolation {unknown}
 G - a scroll of magic mapping {unknown}
 H - a scroll of recharging {unknown}
Potions
 c - 3 potions of might
 d - a potion of magic {unknown}
 e - 2 potions of haste
 i - 5 potions of curing
 n - 3 potions of flight
 o - a potion of brilliance {unknown}
 p - a potion of cure mutation {unknown}
 w - 2 potions of cancellation {unknown}
 D - a potion of poison {unknown}
Comestibles
 b - 6 bread rations
 f - 7 meat rations
 E - a slice of pizza


   Skills:
 * Level 10.1 Fighting
 * Level 9.2 Long Blades
 * Level 8.3 Dodging
 + Level 6.4 Evocations


You had 9 spell levels left.
You didn't know any spells.

Dungeon Overview and Level Annotations

Branches:
Dungeon (9/15)             Temple (0/1) D:4            Lair (0/8) D:9
    Orc: D:9-12

Altars:
Kikubaaqudgha
Xom
The Shining One

Shops:
D:5 (   D:8 ?=


Innate Abilities, Weirdness & Mutations

You can breathe bolts of dispelling energy.
Your rich purple scales are hard (AC +7).
Your body does not fit into most forms of armour.
You are cold-blooded and may be slowed by cold attacks.
You are robust (+10% HP).
Your spells are a little easier to cast, but a little less powerful.


Message History

Evoke which item? (* to show all) (? for menu, Esc to quit)
Zapping:
y - a wand of paralysis (2)
Press: ? - help, Shift-Dir - straight line, f/p - troll
Aim: a troll (chance to defeat MR: 60%)
The troll resists with significant effort.
This wand has 1 charge left.
The troll bites you.
* * * LOW HITPOINT WARNING * * *
The troll claws you.
* * * LOW HITPOINT WARNING * * *
The troll claws you.
* * * LOW HITPOINT WARNING * * *
The troll misses you. The troll claws you.
* * * LOW HITPOINT WARNING * * *
The troll closely misses you.
Unknown command.
Read which item? (? for menu, Esc to quit)
Okay, then.
Drink which item? (? for menu, Esc to quit)
You feel yourself speed up. The troll bites you!
You die...

.... ####......# ...
#########.# ...
#.......#.# ...
#####.#.#.# #'#
##.#.#.# ## #.#
#......# #. #.#
##.#########
#.#########...#...#
#..T@.........#.#.###
#############...#....
#).....####..
#.###..# #.# #.# #..#
#.# #.# #..# #.#
#.###..####.#
#...........#
#############


You could see a troll.

Vanquished Creatures
  Gastronok (D:9)
  A hill giant (D:8)
  A mottled dragon (D:8)
  A hippogriff (D:9)
  A water moccasin (D:7)
  2 ice beasts
  2 ogres
  A wasp (D:9)
  3 orc warriors
  A sky beast (D:5)
  2 black bears
  An eye of draining (D:9)
  2 centaurs (D:8)
  A big kobold (D:7)
  Blork the orc (D:6)
  5 giant frogs
  A scorpion (D:5)
  6 killer bees (D:8)
  A crimson imp (D:5)
  A giant frog zombie (D:6)
  8 orc priests
  3 giant frog skeletons
  Crazy Yiuf (D:2)
  5 orc wizards
  6 worker ants
  2 iguanas
  Natasha (D:2)
  An adder (shapeshifter) (D:8)
  7 adders
  15 gnolls
  2 shadow imps
  4 worms
  3 giant geckos
  34 orcs
  13 bats
  A bat skeleton (D:4)
  11 hobgoblins
  6 quokkas
  A ball python (D:2)
  3 giant cockroaches
  A giant gecko skeleton (D:6)
  8 giant newts
  12 goblins
  5 jackals (D:8)
  A jackal skeleton (D:4)
  12 kobolds
  A quokka zombie (D:7)
  12 rats
214 creatures vanquished.

Vanquished Creatures (collateral kills)
  5 yaks (D:9)
  An orc (D:3)
6 creatures vanquished.

Vanquished Creatures (others)
  An orc (D:4)
1 creature vanquished.

Grand Total: 221 creatures vanquished

Notes
Turn   | Place    | Note
--------------------------------------------------------------
     0 | D:1      | HEYYEYAAE the Draconian Berserker began the quest for the Orb.
     0 | D:1      | Reached XP level 1. HP: 19/19 MP: 1/1
   131 | D:1      | Reached XP level 2. HP: 17/26 MP: 2/2
   543 | D:2      | Noticed Crazy Yiuf
   553 | D:2      | Killed Crazy Yiuf
   553 | D:2      | Reached XP level 3. HP: 4/33 MP: 3/3
   860 | D:2      | Acquired Trog's second power
   883 | D:2      | Reached skill level 4 in Fighting
   886 | D:2      | Found a shimmering altar of Xom.
  1000 | D:2      | Noticed Natasha
  1004 | D:2      | Killed Natasha
  1004 | D:2      | Reached XP level 4. HP: 31/40 MP: 4/4
  1193 | D:3      | Reached skill level 1 in Evocations
  1193 | D:3      | Reached XP level 5. HP: 19/47 MP: 5/5
  1210 | D:3      | Found a faded altar to an unknown god.
  1719 | D:3      | Reached XP level 6. HP: 41/53 MP: 7/7
  2078 | D:4      | Reached skill level 5 in Fighting
  2174 | D:4      | Found a staircase to the Ecumenical Temple.
  2399 | D:4      | Your scales start taking on a rich purple colour.
  2399 | D:4      | Reached XP level 7. HP: 41/61 MP: 8/8
  2604 | D:4      | Acquired Trog's third power
  2783 | D:5      | Entered Level 5 of the Dungeon
  2792 | D:5      | Reached skill level 5 in Long Blades
  2792 | D:5      | Reached skill level 5 in Dodging
  2796 | D:5      | Gained mutation: Your spells are a little easier to cast, but a little less powerful. [mutagenic meat]
  2797 | D:5      | Gained mutation: You are robust (+10% HP). [mutagenic meat]
  2803 | D:5      | Found Tyvuomi's Weapon Shoppe.
  3083 | D:5      | Reached skill level 6 in Fighting
  3252 | D:5      | Found a glowing golden altar of the Shining One.
  3349 | D:5      | Received a gift from Trog
  4163 | D:6      | Noticed Blork the orc
  4166 | D:6      | Killed Blork the orc
  4166 | D:6      | Reached XP level 8. HP: 63/78 MP: 10/10
  5060 | D:7      | Reached skill level 7 in Fighting
  5187 | D:7      | Found an ancient bone altar of Kikubaaqudgha.
  5705 | D:8      | Reached XP level 9. HP: 67/88 MP: 12/12
  6056 | D:8      | Reached skill level 8 in Fighting
  6140 | D:8      | Noticed a hill giant
  6160 | D:8      | Killed a hill giant
  6160 | D:8      | Reached skill level 5 in Evocations
  7112 | D:8      | Found Ycloot's Jewellery Shoppe.
  7126 | D:8      | Bought an uncursed amulet of the gourmand for 300 gold pieces
  7304 | D:8      | Found Ymown's Magic Scroll Emporium.
  7592 | D:9      | Found a staircase to the Lair.
  7618 | D:9      | Reached skill level 9 in Fighting
  8016 | D:9      | Noticed Gastronok
  8032 | D:9      | Killed Gastronok
  8032 | D:9      | Reached XP level 10. HP: 93/102 MP: 14/14
  8042 | D:9      | Reached skill level 10 in Fighting
  8423 | D:9      | Slain by a troll

Vault maps used:
D:1:      minmay_arrival_glassed_features
D:2:      xom_teletrap_fun, uniq_natasha, uniq_crazy_yiuf_cottage
D:3:      ecumenical_altar_1
D:4:      minmay_temple_entry_junction
D:5:      first_bread, serial_shops, shop, nicolae_tso_swordbearing_angel
D:6:      uniq_blork_the_orc
D:7:      old_standard_altar, serial_glass, glass_columns_a, glass_columns_a
D:8:      serial_shops, shop, nicolae_shop_trees
D:9:      dpeg_oklobed_lair, uniq_gastronok

Action                   |  1- 3 |  4- 6 |  7- 9 | 10-12 || total
-------------------------+-------+-------+-------+-------++-------
Melee: Falchion          |    63 |       |       |       ||    63
       Quarterstaff      |    32 |   163 |   405 |    25 ||   625
Invok: Berserk           |     1 |     2 |     4 |     1 ||     8
       Burn Spellbooks   |       |       |     2 |       ||     2
       Trog's Hand       |       |       |     1 |     1 ||     2
       Brothers in Arms  |       |       |       |     1 ||     1
 Abil: Evoke Invisibilit |       |       |     5 |       ||     5
Evoke: Wand              |       |       |       |     2 ||     2
  Use: Potion            |       |     2 |       |     1 ||     3
       Scroll            |       |     3 |     2 |       ||     5
 Stab: Petrifying        |       |     1 |       |       ||     1
       Sleeping          |       |       |     1 |       ||     1
       Invisible         |       |       |    11 |       ||    11
       Petrified         |       |       |     1 |       ||     1
       Paralysed         |       |       |     1 |       ||     1
  Eat: Chunk             |       |     8 |    31 |     2 ||    41
       Pizza             |       |       |     1 |       ||     1
       Beef jerky        |       |       |     1 |       ||     1
